AoeStats
← petunssu

Arabia

510204590Analyzed
1v1 RM · 2d ago on Sep 29, 2026· 44m 22s· 2 players
Game mode
Random Map
Map size
Tiny (2 player)
Population
200
Speed
Normal
Resources
Standard
Victory
Conquest
Starting age
Dark Age
Ending age
Imperial Age
RankedLock teamsTeams togetherTeam positionsShared explorationLock speedFull tech treeHidden civsTurbo modeCheats
Victory
Defeat
🇧🇷 Tatars · Brazil
1132
+15
🇺🇸 Hindustanis · United States
1112
-15
[AnnD] Duffin_1985
5:29 Loom
9:14 Feudal Age
10:43 Double-Bit Axe
11:48 Scale Barding Armor
12:53 Horse Collar
16:46 Bloodlines
21:38 Castle Age
21:45 Gold Mining
22:22 Forging
21:49 Pikeman
22:41 Husbandry
23:48 Chain Barding Armor
23:55 Bow Saw
25:11 Wheelbarrow
24:22 Town Watch
24:47 Town Watch
26:57 Light Cavalry
32:15 Hand Cart
32:45 Iron Casting
37:41 Fletching
38:24 Bodkin Arrow
42:43 Imperial Age
petunssu
6:24 Loom
9:48 Feudal Age
10:18 Double-Bit Axe
12:47 Horse Collar
20:21 Castle Age
18:34 Gold Mining
19:40 Fletching
19:50 Padded Archer Armor
22:58 Gold Shaft Mining
22:29 Husbandry
23:22 Bow Saw
23:37 Bloodlines
26:46 Ballistics
27:12 Wheelbarrow
26:23 Town Watch
27:03 Bodkin Arrow
28:13 Town Watch
30:14 Leather Archer Armor
32:32 Hand Cart
32:18 Town Patrol
36:21 Stone Mining
42:49 Imperial Age
41:20 Masonry
40:50 Treadmill Crane
41:08 Murder Holes
Connection lost

Rejoining the realm…

Still unreachable

The connection could not be restored.

Session expired

The server has moved on; the page needs a fresh start.